 Dungeon Crawl Stone Soup version 0.30.1 (webtiles) character file.

Game seed: 11179620479168294855

23937 Licon the Thrower (level 13, 0/101 HPs)
             Began as a Gnoll Wanderer on May 28, 2023.
             Was an Elder of Qazlal.
             Slain by a salamander
             ... wielding a +0 trident of holy wrath
              (2 damage)
             ... on level 1 of the Snake Pit on July 11, 2023.
             The game lasted 00:30:17 (8947 turns).

Licon the Thrower (Gnoll Wanderer)                  Turns: 8947, Time: 00:30:18

Health: 0/101      AC: 18    Str: 20    XL:     13   Next: 9%
Magic:  19/25      EV:  8    Int:  9    God:    Qazlal [****..]
Gold:   647        SH: 23    Dex: 15    Spells: 28/28 levels left

rFire   . . .        u - +3 war axe (freeze)
rCold   . . .        t - +7 kite shield "Rirriado" {Will+ Regen+}
rNeg    . . .        k - +1 chain mail
rPois   .            K - +0 helmet
rElec   .            L - +0 cloak
rCorr   +            l - +2 pair of gloves
SInv    .            (no boots)
Will    ++...        m - amulet of faith
Stlth   +            D - +4 ring of slaying
HPRegen 1.16/turn    j - ring "Honlibel" {Will+ rCorr Str+4 Slay+3}
MPRegen 0.19/turn

%: repel missiles, faith
@: lethally poisoned (0 -> -1), on berserk cooldown, slowed, constricted, very
slow
A: fangs 1, strong nose, distributed training
a: Renounce Religion, Upheaval, Elemental Force


You were on level 1 of the Snake Pit.
You worshipped Qazlal.
Qazlal was greatly pleased with you.
You visited 5 branches of the dungeon, and saw 13 of its levels.

You collected 647 gold pieces.

Inventory:

Hand Weapons
 a - a +2 dagger
 c - a +0 hand axe
 e - a +0 dagger
 u - a +3 war axe of freezing (weapon)
 P - a +3 battleaxe
 Q - a +0 great sword
 X - a +0 lajatang
Missiles
 d - 23 poisoned darts (quivered)
 R - 3 throwing nets
Armour
 g - a +0 leather armour
 k - a +1 chain mail (worn)
 l - a +2 pair of gloves (worn)
 t - the +7 kite shield "Rirriado" (worn) {Will+ Regen+}
   (You found it on level 3 of the Dungeon)

   Regen:     It increases your rate of health regeneration.
   Will:      It increases your willpower.
 F - an orb of energy
 K - a +0 helmet (worn)
 L - a +0 cloak (worn)
 M - +0 steam dragon scales
 O - a +0 troll leather armour
Jewellery
 j - the ring "Honlibel" (right hand) {Will+ rCorr Str+4 Slay+3}
   (You acquired it on level 4 of the Dungeon)

   [ring of willpower]

   Str:       It affects your strength (+4).
   Slay:      It affects your accuracy & damage with ranged weapons and melee
   (+3).
   rCorr:     It protects you from acid and corrosion.
   Will:      It increases your willpower.
 m - an amulet of faith (around neck)
 r - the ring "Xuezuol" {rF+ MP+9 Dex+3}
   (You found it on level 2 of the Dungeon)

   [ring of protection from fire]

   Dex:       It affects your dexterity (+3).
   rF:        It protects you from fire.
   MP:        It affects your magic capacity (+9).
 y - a ring of protection from cold
 B - a +5 ring of evasion
 C - the ring of Teffose {EV+5 Int+3}
   (You found it on level 5 of the Dungeon)

   [ring of evasion]

   EV:        It affects your evasion (+5).
   Int:       It affects your intelligence (+3).
 D - a +4 ring of slaying (left hand)
 U - a ring of poison resistance
Wands
 w - a wand of roots (16)
 A - a wand of mindburst (11)
 G - a wand of charming (6)
 T - a wand of polymorph (4)
Scrolls
 b - a scroll of blinking
 i - 2 scrolls of poison
 n - a scroll of fear
 o - a scroll of silence
 s - 7 scrolls of teleportation
 x - a scroll of brand weapon
 z - 2 scrolls of identify
 I - a scroll of magic mapping
 J - a scroll of immolation
 V - a scroll of amnesia {unknown}
Potions
 f - 2 potions of attraction
 h - a potion of berserk rage
 p - 4 potions of brilliance
 v - 2 potions of haste
 E - a potion of mutation
 H - 2 potions of might
 N - 2 potions of cancellation {unknown}
 S - a potion of flight {unknown}
 W - a potion of invisibility {unknown}


   Skills:
 + Level 9.5 Fighting
 + Level 8.2 Short Blades
 + Level 8.2 Long Blades
 + Level 8.7 Axes
 + Level 8.2 Maces & Flails
 + Level 8.2 Polearms
 + Level 8.2 Staves
 + Level 8.2 Ranged Weapons
 + Level 10.5 Throwing
 + Level 8.7 Armour
 + Level 8.2 Dodging
 + Level 10.2 Stealth
 + Level 8.2 Shields
 + Level 8.2 Unarmed Combat
 + Level 8.2 Spellcasting
 + Level 6.8 Conjurations
 + Level 6.8 Hexes
 + Level 6.8 Summonings
 + Level 6.8 Necromancy
 + Level 6.8 Translocations
 + Level 6.8 Transmutations
 + Level 6.8 Fire Magic
 + Level 6.8 Ice Magic
 + Level 6.8 Air Magic
 + Level 6.8 Earth Magic
 + Level 6.8 Poison Magic
 + Level 9.0 Invocations
 + Level 8.2 Evocations


You had 28 spell levels left.
You didn't know any spells.
Your spell library contained the following spells:

 Spells                   Type           Power      Damage    Failure   Level
 Apportation              Tloc           32%        N/A       13%         1
 Necrotise                Necr           64%        1d7       13%         1
 Summon Small Mammal      Summ           64%        N/A       13%         1
 Ensorcelled Hibernation  Hex/Ice        32%        N/A       19%         2
 Spider Form              Tmut/Pois      16%        N/A       36%         3
 Anguish                  Hex/Necr       8%         N/A       77%         4
 Fireball                 Conj/Fire      8%         3d6       98%         5
 Iskenderun's Battlesphe  Conj           16%        2d7       98%         5
 Conjure Ball Lightning   Conj/Air       8%         3x3d6     100%        6
 Orb of Destruction       Conj           8%         9d6       100%        7


Dungeon Overview and Level Annotations

Branches:
Dungeon (8/15)             Temple (1/1) D:5            Lair (2/5) D:8
 Shoals (1/4) Lair:2        Snake (1/4) Lair:2

Altars:
Ashenzari
Cheibriados
Dithmenos
Elyvilon
Fedhas
Gozag
Hepliaklqana
Kikubaaqudgha
Makhleb
Nemelex Xobeh
Okawaru
Qazlal
Ru
Sif Muna
Trog
Uskayaw
Vehumet
Wu Jian
Xom
Yredelemnul
Zin
The Shining One

Shops:
Shoals:1 =

Annotations:
D:8 1 runed translucent door, Cheops's ghost, novice MiFi


Innate Abilities, Weirdness & Mutations

You have very sharp teeth.
Your uncanny sense of smell can sniff out nearby items.
Your experience applies equally to all skills.


Message History

You see here a +0 trident.
The naga attacks as you move away! You block the naga's attack. x2
The salamander attacks as you move away!
You block the salamander's attack.
A naga comes into view. It is wielding a +0 war axe.
Found a glowing cloak.
The naga shouts!
The salamander closely misses you.
The salamander hits you but does no damage.
The salamander hits you from afar with a +0 trident.
* * * LOW HITPOINT WARNING * * *
You are engulfed in flames!
* * * LOW HITPOINT WARNING * * *
You feel better. You block the naga's attack. x2
The salamander hits you but does no damage.
The naga hits you with a +0 flail!
* * * LOW HITPOINT WARNING * * *
The naga grabs you. The naga constricts you.
* * * LOW HITPOINT WARNING * * *
You block the salamander's attack.
The salamander hits you but does no damage.
You block the naga's attack.
The salamander hits you but does no damage.
You feel better.
A naga warrior comes into view.
It is wielding a +4 rapier of draining and wearing a +2 tower shield of fire resistance.
You block the naga's attack. The naga constricts you.
You block the salamander's attack.
The salamander hits you from afar with a +0 trident.
* * * LOW HITPOINT WARNING * * *
You are engulfed in flames!
* * * LOW HITPOINT WARNING * * *
The naga spits poison at you.
The splash of poison hits you but does no damage.
You are poisoned.
You block the naga's attack.
The salamander hits you but does no damage.
The naga closely misses you. The naga constricts you.
* * * LOW HITPOINT WARNING * * *
The salamander hits you from afar with a +0 trident of holy wrath.
You die...

.. #.#. ... [
#.#?......... #.
#..#........# # .
#..#........# .
###.#.#... ......# ..
#....°#§N# ..... #...
.......○N# ...#.....
#@§# #....# #N)##
##..# #NNN####.###
#.##S#..## ..####N###
####. ...#
##†.###....### #..#
##.#...........
..######.....#........
#.##.......#.#........


You could see a naga warrior, 3 salamanders, a shock serpent and 3 nagas.

Vanquished Creatures
  Harold (Lair:2)
  A catoblepas (Lair:2)
  8 death yaks
  A naga warrior (Snake:1)
  A sea snake (Shoals:1)
  A mana viper (Snake:1)
  A salamander (Lair:2)
  A guardian serpent (Snake:1)
  2 merfolk sirens (Lair:2)
  6 elephants (Lair:2)
  A water nymph (Shoals:1)
  2 black mambas
  Joseph (D:7)
  A naga mage (Snake:1)
  3 cane toads
  Maggie (D:8)
  7 komodo dragons
  A rime drake (Lair:2)
  A troll (D:8)
  Grinder (D:6)
  Prince Ribbit (D:6)
  A blink frog (Lair:2)
  A basilisk (Lair:1)
  2 steam dragons
  5 nagas (Snake:1)
  4 water moccasins
  2 orc warriors
  An ice beast (D:6)
  6 black bears
  An ogre (D:7)
  A centaur (D:4)
  17 wolves
  2 kobold brigands
  5 bullfrogs
  2 scorpions
  21 wights
  7 electric eels
  A howler monkey (D:5)
  3 lava snakes (Lair:2)
  A quasit (D:8)
  2 jellies
  An orc priest (D:4)
  7 hounds
  5 iguanas
  A sleepcap (D:6)
  Natasha (thrice) (D:4)
  8 orc wizards
  8 adders
  7 gnolls
  A shadow imp (D:8)
  4 white imps (D:8)
  4 ufetubi
  2 worms
  4 dart slugs
  27 orcs
  7 endoplasms
  5 giant cockroaches
  7 goblins
  4 hobgoblins
  3 jackals (D:3)
  16 kobolds
  4 quokkas
  4 ball pythons
  5 bats
  A frilled lizard (D:2)
  2 rats
268 creatures vanquished.

Vanquished Creatures (collateral kills)
  A merfolk avatar (Shoals:1)
  A sea snake (Shoals:1)
2 creatures vanquished.

Vanquished Creatures (others)
  A snapping turtle (Shoals:1)
1 creature vanquished.

Grand Total: 271 creatures vanquished

Notes
Turn   | Place    | Note
-------+----------+-------------------------------------------
     0 | D:1      | Licon the Gnoll Wanderer began the quest for the Orb.
     0 | D:1      | Licon set off with the following items: a +2 dagger, a
                  | scroll of blinking, a +0 hand axe, 11 poisoned darts, a +0
                  | dagger, a potion of attraction, a +0 leather armour.
     0 | D:1      | Reached XP level 1. HP: 20/20 MP: 1/1
   125 | D:1      | Reached XP level 2. HP: 26/26 MP: 2/2
  1058 | D:2      | Reached XP level 3. HP: 29/31 MP: 2/4
  1114 | D:2      | Reached skill level 1 in Invocations
  1194 | D:2      | Reached skill level 1 in Short Blades
  1194 | D:2      | Reached skill level 1 in Long Blades
  1194 | D:2      | Reached skill level 1 in Maces & Flails
  1194 | D:2      | Reached skill level 1 in Polearms
  1194 | D:2      | Reached skill level 1 in Staves
  1194 | D:2      | Reached skill level 1 in Ranged Weapons
  1194 | D:2      | Reached skill level 1 in Dodging
  1194 | D:2      | Reached skill level 1 in Shields
  1194 | D:2      | Reached skill level 1 in Unarmed Combat
  1194 | D:2      | Reached skill level 1 in Spellcasting
  1194 | D:2      | Reached skill level 1 in Evocations
  1229 | D:2      | Upgraded the game from 0.30.0-19-g36f170ea60 to 0.30.1
  1320 | D:2      | Identified the ring "Xuezuol" {rF+ MP+9 Dex+3}
  1366 | D:2      | Reached XP level 4. HP: 38/38 MP: 5/5
  1980 | D:3      | Identified the +7 kite shield "Rirriado" {Will+ Regen+}
  2257 | D:3      | Reached skill level 1 in Conjurations
  2257 | D:3      | Reached skill level 1 in Hexes
  2257 | D:3      | Reached skill level 1 in Summonings
  2257 | D:3      | Reached skill level 1 in Necromancy
  2257 | D:3      | Reached skill level 1 in Translocations
  2257 | D:3      | Reached skill level 1 in Transmutations
  2257 | D:3      | Reached skill level 1 in Fire Magic
  2257 | D:3      | Reached skill level 1 in Ice Magic
  2257 | D:3      | Reached skill level 1 in Air Magic
  2257 | D:3      | Reached skill level 1 in Earth Magic
  2257 | D:3      | Reached skill level 1 in Poison Magic
  2513 | D:4      | Noticed Natasha
  2527 | D:4      | Killed Natasha
  2528 | D:4      | Reached XP level 5. HP: 37/43 MP: 7/7
  2566 | D:4      | Noticed Natasha
  2580 | D:4      | Killed Natasha
  2616 | D:4      | Noticed Natasha
  2631 | D:4      | Killed Natasha
  2734 | D:4      | Reached XP level 6. HP: 46/50 MP: 8/8
  2735 | D:4      | Reached skill level 5 in Fighting
  2941 | D:4      | Reached XP level 7. HP: 56/56 MP: 10/10
  3152 | D:4      | Identified a scroll of acquirement
  3152 | D:4      | Acquired the ring "Honlibel" {Will+ rCorr Str+4 Slay+3}
  3212 | D:5      | Entered Level 5 of the Dungeon
  3334 | D:5      | Found a staircase to the Ecumenical Temple.
  3351 | Temple   | Entered the Ecumenical Temple
  3527 | Temple   | Became a worshipper of Qazlal Stormbringer
  3665 | D:5      | Found an ancient bone altar of Kikubaaqudgha.
  3717 | D:5      | Identified the ring of Teffose {EV+5 Int+3}
  4132 | D:6      | Reached XP level 8. HP: 59/63 MP: 12/12
  4243 | D:6      | Reached * piety under Qazlal
  4363 | D:6      | Noticed Prince Ribbit
  4372 | D:6      | Killed Prince Ribbit
  4436 | D:6      | Noticed Grinder
  4443 | D:6      | Killed Grinder
  4444 | D:6      | Reached XP level 9. HP: 69/69 MP: 13/15
  4593 | D:7      | Noticed Joseph
  4621 | D:7      | Killed Joseph
  4622 | D:7      | Reached skill level 5 in Axes
  4622 | D:7      | Reached skill level 5 in Armour
  4691 | D:7      | Reached ** piety under Qazlal
  4762 | D:7      | Reached skill level 5 in Invocations
  4894 | D:7      | Found a glowing golden altar of the Shining One.
  5365 | D:8      | Found a runed translucent door.
  5394 | D:8      | Reached skill level 5 in Short Blades
  5394 | D:8      | Reached skill level 5 in Long Blades
  5394 | D:8      | Reached skill level 5 in Maces & Flails
  5394 | D:8      | Reached skill level 5 in Polearms
  5394 | D:8      | Reached skill level 5 in Staves
  5394 | D:8      | Reached skill level 5 in Ranged Weapons
  5394 | D:8      | Reached skill level 5 in Dodging
  5394 | D:8      | Reached skill level 5 in Shields
  5394 | D:8      | Reached skill level 5 in Unarmed Combat
  5394 | D:8      | Reached skill level 5 in Spellcasting
  5394 | D:8      | Reached skill level 5 in Evocations
  5407 | D:8      | Reached XP level 10. HP: 77/77 MP: 17/17
  5679 | D:8      | Found a staircase to the Lair.
  6088 | D:8      | Noticed Maggie
  6099 | D:8      | Killed Maggie
  6393 | D:8      | Noticed Cheops's ghost (novice MiFi)
  6577 | Lair:1   | Entered Level 1 of the Lair of Beasts
  6669 | Lair:1   | Noticed a cane toad
  6669 | Lair:1   | Noticed a black mamba
  6676 | Lair:1   | Killed a cane toad
  6677 | Lair:1   | Killed a black mamba
  6767 | Lair:1   | Reached *** piety under Qazlal
  6768 | Lair:1   | Reached skill level 5 in Conjurations
  6768 | Lair:1   | Reached skill level 5 in Hexes
  6768 | Lair:1   | Reached skill level 5 in Summonings
  6768 | Lair:1   | Reached skill level 5 in Necromancy
  6768 | Lair:1   | Reached skill level 5 in Translocations
  6768 | Lair:1   | Reached skill level 5 in Transmutations
  6768 | Lair:1   | Reached skill level 5 in Fire Magic
  6768 | Lair:1   | Reached skill level 5 in Ice Magic
  6768 | Lair:1   | Reached skill level 5 in Air Magic
  6768 | Lair:1   | Reached skill level 5 in Earth Magic
  6768 | Lair:1   | Reached skill level 5 in Poison Magic
  6825 | Lair:1   | Reached XP level 11. HP: 85/85 MP: 20/20
  6948 | Lair:1   | Noticed a death yak
  6957 | Lair:1   | Killed a death yak
  6959 | Lair:1   | Noticed a death yak
  6959 | Lair:1   | Noticed a death yak
  6961 | Lair:1   | Noticed a death yak
  6961 | Lair:1   | Noticed a death yak
  6985 | Lair:1   | Killed a death yak
  6993 | Lair:1   | Killed a death yak
  7002 | Lair:1   | Killed a death yak
  7006 | Lair:1   | Killed a death yak
  7542 | Lair:2   | Noticed Harold
  7545 | Lair:2   | Killed Harold
  7573 | Lair:2   | Noticed a catoblepas
  7585 | Lair:2   | Killed a catoblepas
  7602 | Lair:2   | Found a staircase to the Snake Pit.
  7602 | Lair:2   | Noticed a salamander
  7608 | Lair:2   | Killed a salamander
  7694 | Lair:2   | Reached XP level 12. HP: 94/94 MP: 22/22
  7728 | Lair:2   | Identified the +1 robe of the Farmer {rF+}
  7825 | Lair:2   | Noticed a death yak
  7827 | Lair:2   | Noticed a death yak
  7837 | Lair:2   | Noticed a death yak
  7847 | Lair:2   | Reached skill level 10 in Throwing
  7855 | Lair:2   | Killed a death yak
  7862 | Lair:2   | Killed a death yak
  7871 | Lair:2   | Killed a death yak
  8186 | Lair:2   | Found a staircase to the Shoals.
  8202 | Shoals:1 | Entered Level 1 of the Shoals
  8202 | Shoals:1 | Noticed a merfolk avatar
  8202 | Shoals:1 | Found Bojot's Jewellery Shop.
  8243 | Shoals:1 | Reached skill level 10 in Stealth
  8250 | Shoals:1 | HP: 5/142 [snapping turtle (13)]
  8263 | Shoals:1 | Killed a merfolk avatar
  8807 | Snake:1  | Entered Level 1 of the Snake Pit
  8839 | Snake:1  | Reached **** piety under Qazlal
  8911 | Snake:1  | Noticed a naga warrior
  8923 | Snake:1  | Killed a naga warrior
  8924 | Snake:1  | Reached XP level 13. HP: 89/101 MP: 25/25
  8947 | Snake:1  | HP: 3/101 [salamander/+0 trident (9)]
  8947 | Snake:1  | Slain by a salamander

Illustrated notes

Levels and vault maps discovered:
D:1:      sevenhm_arrival_forest_fort_small_4, layout_loops_ring,
          dreamdust_mushroom_princess, hangedman_decor_push,
          kennysheep_flooded_box, fountainhead
D:2:      layout_rooms, kennysheep_crisscross
D:3:      layout_basic
D:4:      minmay_chambers_of_fours, layout_basic, kennysheep_nondescript,
          grunt_ministairs_8, uniq_natasha
D:5:      layout_gridville, mainiacjoe_overflow_alcove_4,
          minmay_temple_entry_large_hall
D:6:      layout_rooms, uniq_prince_ribbit1, uniq_grinder
D:7:      layout_gridville, nicolae_overflow_crystal_walls, uniq_joseph
D:8:      layout_gridville, erik_lair_island, serial_demonic, serial_demonic_f,
          serial_demonic_b, serial_demonic_a, serial_demonic_g,
          serial_demonic_g, serial_demonic_c, ebering_ghost_reflecting_pool,
          uniq_maggie
Temple:   nicolae_temple_slightly_damp_pantheon
Lair:1:   layout_gridlike, beast_lair_carwin_7
Lair:2:   layout_gridlike, elwin_shoals_entry_rooms,
          nicolae_snake_entry_warm_welcome, beast_lair_carwin_4,
          wad_woods_river_01, infiniplex_staircase_pool, uniq_harold
Shoals:1: layout_shoals, serial_shops, shop, shop, shop, shop,
          nicolae_shoals_mertower
Snake:1:  layout_chambers, basic_altar, st_stairs_5, lemuel_fruit_tree

Skill      XL: |  1  2  3  4  5  6  7  8  9 10 11 12 13 |
---------------+----------------------------------------+-----
Stealth        | 6 7 8 9 10 | 10.2
Invocations    | 1 2 3 4 5 6 7 8 9 |  9.0
Short Blades   | 1 2 3 4 5 6 7 8 |  8.2
Long Blades    | 1 2 3 4 5 6 7 8 |  8.2
Maces & Flails | 1 2 3 4 5 6 7 8 |  8.2
Polearms       | 1 2 3 4 5 6 7 8 |  8.2
Staves         | 1 2 3 4 5 6 7 8 |  8.2
Ranged Weapons | 1 2 3 4 5 6 7 8 |  8.2
Dodging        | 1 2 3 4 5 6 7 8 |  8.2
Shields        | 1 2 3 4 5 6 7 8 |  8.2
Unarmed Combat | 1 2 3 4 5 6 7 8 |  8.2
Spellcasting   | 1 2 3 4 5 6 7 8 |  8.2
Evocations     | 1 2 3 4 5 6 7 8 |  8.2
Conjurations   | 1 2 3 4 5 6 |  6.8
Hexes          | 1 2 3 4 5 6 |  6.8
Summonings     | 1 2 3 4 5 6 |  6.8
Necromancy     | 1 2 3 4 5 6 |  6.8
Translocations | 1 2 3 4 5 6 |  6.8
Transmutations | 1 2 3 4 5 6 |  6.8
Fire Magic     | 1 2 3 4 5 6 |  6.8
Ice Magic      | 1 2 3 4 5 6 |  6.8
Air Magic      | 1 2 3 4 5 6 |  6.8
Earth Magic    | 1 2 3 4 5 6 |  6.8
Poison Magic   | 1 2 3 4 5 6 |  6.8
Axes           | 3 4 5 6 7 8 |  8.7
Armour         | 3 4 5 6 7 8 |  8.7
Fighting       | 5 6 7 8 9 |  9.5
Throwing       | 7 8 9 10 | 10.5

Action                     |  1- 3 |  4- 6 |  7- 9 | 10-12 | 13-15 || total
---------------------------+-------+-------+-------+-------+-------++-------
  Melee: Hand axe          |    94 |    18 |       |       |       ||   112
         Bite              |     8 |    21 |    25 |    58 |     3 ||   115
         War axe           |       |   174 |   194 |   378 |    18 ||   764
  Throw: Dart              |    57 |       |       |       |       ||    57
 Invoke: Upheaval          |       |       |     2 |     9 |       ||    11
         Elemental Force   |       |       |       |     1 |       ||     1
  Evoke: Wand              |       |       |       |     3 |       ||     3
    Use: Scroll            |     3 |       |    14 |     6 |       ||    23
         Potion            |       |       |       |    12 |     3 ||    15
   Stab: Sleeping          |     1 |       |       |       |       ||     1
 Armour: Leather armour    |     3 |       |       |       |       ||     3
         Chain mail        |    49 |   127 |    51 |   102 |    12 ||   341
         Skin              |       |       |       |     9 |       ||     9
  Dodge: Dodged            |    24 |    42 |    52 |    76 |    11 ||   205
         Repelled          |       |       |       |       |     1 ||     1
  Block: Kite shield       |       |   208 |   172 |   418 |    42 ||   840
